 Dungeon Crawl Stone Soup version 0.28.0-47-ge53b351184 (webtiles) character file.

Game seed: 8109806814842371304

196 pkoi the Stinger (level 5, -6/39 HPs)
             Began as a Demigod Venom Mage on May 7, 2022.
             Mangled by Prince Ribbit (7 damage)
             ... on level 5 of the Dungeon.
             The game lasted 00:14:29 (7196 turns).

pkoi the Stinger (Demigod Venom Mage)               Turns: 7196, Time: 00:14:29

Health: -6/39      AC:  3    Str:  9    XL:     5   Next: 21%
Magic:  6/11       EV: 12    Int: 21    God:
Gold:   141        SH:  5    Dex: 14    Spells: 3/9 levels left

rFire   . . .      SeeInvis .   u - +1 flail (protect)
rCold   . . .      Faith    .   (no shield)
rNeg    . . .      Spirit   .   a - +0 robe
rPois   +          Reflect  +   o - +0 helmet
rElec   .          Harm     .   (no cloak)
rCorr   .          Rampage  .   (no gloves)
Will    .....                   (no boots)
Stlth   ++........              k - amulet of reflection
HPRegen 0.13/turn               t - ring of poison resistance
MPRegen 0.12/turn               (no ring)

@: no status effects
A: high MP 1, forlorn, divine attributes
a: no special abilities


You were on level 5 of the Dungeon.
You visited 1 branch of the dungeon, and saw 5 of its levels.

You collected 141 gold pieces.

Inventory:

Hand Weapons
 c - a +0 vampiric dagger
 r - a +0 long sword
 u - a +1 flail of protection (weapon)
Armour
 a - a +0 robe (worn)
 o - a +0 helmet (worn)
Magical Staves
 p - a staff of fire
Jewellery
 k - an amulet of reflection (around neck)
 t - a ring of poison resistance (left hand)
Wands
 q - a wand of polymorph (13)
 s - a wand of flame (8)
Scrolls
 e - 3 scrolls of identify {unknown}
 h - a scroll of enchant armour {unknown}
 j - a scroll of amnesia {unknown}
 l - a scroll of enchant weapon {unknown}
 n - a scroll of teleportation {unknown}
Potions
 b - a potion of haste {unknown}
 d - 3 potions of flight {unknown}
 f - a potion of heal wounds {unknown}
 g - 2 potions of cancellation {unknown}
 i - a potion of lignification {unknown}
 m - a potion of magic {unknown}


   Skills:
 - Level 0.5 Fighting
 - Level 0.6 Armour
 - Level 2.0 Dodging
 - Level 1.7 Stealth
 - Level 0.6 Unarmed Combat
 + Level 2.5 Spellcasting
 - Level 0.9 Transmutations
 + Level 2.3 Air Magic
 + Level 4.0 Poison Magic


You had 3 spell levels left.
You knew the following spells:

 Your Spells              Type           Power      Damage    Failure   Level
a - Sting                 Tmut/Pois      52%        1d5       4%          1
b - Poisonous Vapours     Pois/Air       32%        N/A       6%          2
c - Mephitic Cloud        Conj/Pois/Air  11%        N/A       17%         3

Your spell library contained the following spells:

 Spells                   Type           Power      Damage    Failure   Level
 Shock                    Conj/Air       28%        1d4       9%          1
 Beastly Appendage        Tmut           12%        N/A       10%         1
 Magic Dart               Conj           8%         1d3       14%         1
 Wereblood                Tmut           6%         N/A       14%         2
 Spider Form              Tmut/Pois      13%        N/A       16%         3
 Swiftness                Air            12%        N/A       16%         3
 Call Imp                 Summ           2%         N/A       22%         2
 Olgreb's Toxic Radiance  Pois           19%        N/A       26%         4
 Airstrike                Air            6%         N/A       47%         4
 Summon Lightning Spire   Summ/Air       7%         N/A       65%         4
 Lightning Bolt           Conj/Air       3%         1d15      94%         5


Dungeon Overview and Level Annotations

Branches:
Dungeon (5/15)
 Temple: D:4-7

Annotations:
D:5 Prince Ribbit


Innate Abilities, Weirdness & Mutations

You have an increased reservoir of magic. (+10% MP)
You shall have no god before yourself.
Your divine heritage dramatically boosts your attributes as you level up.


Message History

Unknown command.
Unknown command.
(D) Dungeon
Where to? (Enter - D:3 @ (x,y), ? - help)
There is a stone staircase leading down here.
You climb downwards.
Level annotation: Prince Ribbit
There is a stone staircase leading up here.
An ogre is nearby!
Unknown command.
Casting: Sting (safe; 4% risk of failure)
Confirm with . or Enter, or press ? or * to list all spells.
Aiming: Poisonous Vapours (safe; 6% risk of failure)
Press: ? - help, Dir - move target, f - ogre
Aim: an ogre, wielding a +0 giant club Poisonous vapours surround the ogre!
The ogre is poisoned.
Unknown command.
Casting: Poisonous Vapours (safe; 6% risk of failure)
Confirm with . or Enter, or press ? or * to list all spells.
Aiming: Poisonous Vapours (safe; 6% risk of failure)
Press: ? - help, Dir - move target, f/p - ogre
Aim: an ogre, wielding a +0 giant club (poisoned) Poisonous vapours surround the ogre!
The ogre looks even sicker.
Unknown command.
The sting hits the ogre.
The ogre looks even sicker.
The ogre is moderately wounded.
The sting hits the ogre.
The ogre looks as sick as possible!
The ogre is heavily wounded.
Prince Ribbit misses you.
You closely miss Prince Ribbit. Prince Ribbit hits you!
* * * LOW HITPOINT WARNING * * *
The ogre barely misses you. Prince Ribbit hits you.
* * * LOW HITPOINT WARNING * * *
Unknown command.
You barely miss Prince Ribbit. Prince Ribbit barely misses you.
The ogre hits you with a +0 giant club!!
Ouch! That really hurt!
* * * LOW HITPOINT WARNING * * *
Prince Ribbit hits you!
You die...

#.# #.#
#.# #.#
#.# #.#
#<# #O#
#@######
#.F....#
######.#
#.# #.#
#.# #.#
#.# #.#


You could see Prince Ribbit and an ogre (very poisoned).

Vanquished Creatures
  Ijyb (D:4)
  An orc wizard (D:3)
  A hound skeleton (D:4)
  3 gnolls (D:2)
  An adder (D:3)
  An adder skeleton (D:4)
  2 worms (D:2)
  2 dart slugs (D:2)
  10 orcs
  6 ball pythons
  5 bats
  4 endoplasms
  3 giant cockroaches
  5 goblins
  8 hobgoblins
  3 jackals (D:4)
  3 quokkas
  A frilled lizard (D:3)
  6 kobolds
  6 rats
72 creatures vanquished.

Notes
Turn   | Place    | Note
-------+----------+-------------------------------------------
     0 | D:1      | pkoi the Demigod Venom Mage began the quest for the Orb.
     0 | D:1      | Reached XP level 1. HP: 14/14 MP: 5/5
   413 | D:1      | Reached XP level 2. HP: 22/22 MP: 4/7
   757 | D:1      | Learned a level 2 spell: Poisonous Vapours
  1049 | D:1      | Reached skill level 3 in Poison Magic
  1542 | D:2      | Reached XP level 3. HP: 27/27 MP: 5/8
  1957 | D:2      | Reached skill level 1 in Air Magic
  3270 | D:1      | Learned a level 3 spell: Mephitic Cloud
  3444 | D:3      | Reached XP level 4. HP: 34/34 MP: 5/9
  3824 | D:3      | Noticed a spectral ugly thing
  4401 | D:4      | Noticed a phantom
  4683 | D:4      | Noticed a necrophage
  4906 | D:5      | Entered Level 5 of the Dungeon
  5007 | D:5      | Noticed an ogre
  5008 | D:5      | Noticed Prince Ribbit
  5430 | D:4      | Noticed Ijyb
  5691 | D:4      | Reached XP level 5. HP: 39/39 MP: 7/11
  6354 | D:4      | Killed Ijyb
  6355 | D:4      | Reached skill level 4 in Poison Magic
  7196 | D:5      | HP: 1/39 [ogre/+0 giant club (29)]
  7196 | D:5      | Mangled by Prince Ribbit

Illustrated notes

Levels and vault maps discovered:
D:1:      lightli_arrival_chessboard, layout_loops_ring,
          shapermc_ecumenical_altar_ellora, chequers_mini_garden,
          minmay_misc_feat_alley
D:2:      layout_loops_ring
D:3:      layout_loops_ring, regret_index_temple_of_mockery,
          mainiacjoe_overflow_tiny_flanked
D:4:      layout_cave_pools, general_overflow_altar, uniq_ijyb
D:5:      layout_loops_ring, mainiacjoe_overflow_brackets, tgw_fedhas,
          ashenzari_conservatory_becter, uniq_prince_ribbit1

Skill      XL: |  1  2  3  4  5 |
---------------+----------------+-----
Dodging        | 2 |  2.0
Poison Magic   | 3 4 |  4.0
Spellcasting   | 2 |  2.5
Air Magic      | 1 2 |  2.3
Fighting       | |  0.5
Armour         | |  0.6
Stealth        | |  1.7
Unarmed Combat | |  0.6
Transmutations | |  0.9

Action                   |  1- 3 |  4- 6 || total
-------------------------+-------+-------++-------
Melee: Dagger            |     2 |    32 ||    34
       Punch             |       |     1 ||     1
       Long sword        |       |     6 ||     6
       Flail             |       |     2 ||     2
 Cast: Sting             |    92 |    87 ||   179
       Poisonous Vapours |     3 |    12 ||    15
Armor: Robe              |    12 |    13 ||    25
Dodge: Dodged            |    42 |    61 ||   103
Block: Other             |       |    19 ||    19
       Reflection        |       |     1 ||     1
